[Event "GER-ch Youth U18w 2019"]
[Site "Willingen"]
[Date "2019.06.12"]
[Round "5.2"]
[White "Ziegenfuss, Antonia"]
[Black "Schulze, Lara"]
[Result "0-1"]
[ECO "A46"]
[WhiteElo "2111"]
[BlackElo "2160"]
[Annotator "NA"]
[PlyCount "111"]
[EventDate "2019.06.07"]
[EventType "swiss"]
[EventRounds "9"]
[EventCountry "GER"]
[SourceTitle "playchess.com"]
[Source "ChessBase"]
[SourceQuality "1"]
[TimeControl "40/5400+30:1800+30"]

1. d4 Nf6 2. Nf3 e6 3. Bf4 d5 4. e3 c5 5. c3 Nc6 6. Nbd2 cxd4 7. cxd4 Be7 8. h3 O-O 9. Be2 Bd6 10. Bxd6 Qxd6 11. O-O Bd7 12. Rc1 Rfc8 13. Bb5 Ne7 14. Bd3 Qb6 15. Qb3 Nc6 16. Qa3 Nb4 17. Ne5 Nxd3 18. Nxd3 Bb5 19. Rxc8+ Rxc8 20. Rc1 Rxc1+ 21. Nxc1 Qc7 22. Ncb3 b6 23. Qb4 Be8 24. f3 a5 25. Qc3 Qxc3 26. bxc3 Bb5 27. Kf2 Kf8 28. e4 Ke7 29. Ke3 g5 30. Nc1 Nh5 31. Kf2 Nf4 32. Nf1 dxe4 33. fxe4 Bc6 34. Nd2 f5 35. exf5 exf5 36. Nf3 h6 37. Ne1 Bd5 38. a3 Bc4 39. Ke3 Nd5+ 40. Kd2 f4 41. Ncd3 Ne3 42. Ke2 Ke6 43. g4 a4 44. Kd2 Nf1+ 45. Kc1 Ng3 46. Ne5 Bf1 47. h4 gxh4 48. Ng6 Ne2+ 49. Kd2 h3 50. Nf3 Kf6 51. Nge5 Ng3 52. Nd7+ Ke6 53. Nxb6 Bg2 54. d5+ Kd6 55. Nc4+ Kxd5 56. Nce5 {[%emt 0:00:07] normal Kxe5} 0-1

[Event "GER-ch Youth U18w 2019"]
[Site "Willingen"]
[Date "2019.06.12"]
[Round "5.4"]
[White "Arnhold, Steffi"]
[Black "Kobald, Jacqueline"]
[Result "1-0"]
[ECO "B42"]
[WhiteElo "1996"]
[BlackElo "1839"]
[Annotator "NA"]
[PlyCount "63"]
[EventDate "2019.06.07"]
[EventType "swiss"]
[EventRounds "9"]
[EventCountry "GER"]
[SourceTitle "playchess.com"]
[Source "ChessBase"]
[SourceQuality "1"]
[TimeControl "40/5400+30:1800+30"]

1. e4 c5 2. Nf3 e6 3. d4 cxd4 4. Nxd4 a6 5. Bd3 Qc7 6. O-O Nf6 7. Nc3 d6 8. f4 Nbd7 9. Kh1 Be7 10. Qe1 O-O 11. Qg3 g6 12. Nf3 b5 13. a3 Bb7 14. Bd2 Rac8 15. Rae1 Nh5 16. Qh3 Nc5 17. f5 exf5 18. exf5 Nxd3 19. cxd3 Bxf3 20. Rxf3 Qd8 21. Nd5 Bh4 22. Ref1 Bg5 23. Bc3 Rc5 24. Ne3 d5 25. Bd4 Rc6 26. Ng4 Qc8 27. Qh4 Qd8 28. Qf2 f6 29. h4 Bf4 30. Rxf4 Nxf4 31. Qxf4 Qc7 32. Nxf6+ {[%emt 0:01:10] normal} 1-0

[Event "GER-ch Youth U18w 2019"]
[Site "Willingen"]
[Date "2019.06.12"]
[Round "5.5"]
[White "Poetsch, Leonore"]
[Black "Koenze, Heike"]
[Result "1-0"]
[ECO "B94"]
[WhiteElo "1982"]
[BlackElo "1919"]
[Annotator "NA"]
[PlyCount "61"]
[EventDate "2019.06.07"]
[EventType "swiss"]
[EventRounds "9"]
[EventCountry "GER"]
[SourceTitle "playchess.com"]
[Source "ChessBase"]
[SourceQuality "1"]
[TimeControl "40/5400+30:1800+30"]

1. e4 c5 2. Nf3 d6 3. d4 cxd4 4. Nxd4 Nf6 5. Nc3 a6 6. Bg5 Nbd7 7. Bc4 Qc7 8. Bb3 g6 9. Qd2 Bg7 10. O-O-O b5 11. f3 Bb7 12. Bh6 O-O 13. h4 b4 14. Nd5 Nxd5 15. Bxd5 Bxd5 16. exd5 Rfc8 17. Bxg7 Kxg7 18. h5 Rh8 19. h6+ Kf8 20. g4 Ne5 21. g5 Qa5 22. Nb3 Qb5 23. f4 Nc4 24. Qd4 Rg8 25. Rh4 Rc8 26. Rdh1 a5 27. Qg7+ Rxg7 28. hxg7+ Ke8 29. g8=Q+ Kd7 30. Qxf7 Nxb2 31. Qe6+ {[%emt 0:01:18] normal} 1-0

[Event "GER-ch Youth U18w 2019"]
[Site "Willingen"]
[Date "2019.06.12"]
[Round "5.6"]
[White "Browning, Rebecca"]
[Black "Moeller, Lisa-Marie"]
[Result "0-1"]
[ECO "B22"]
[WhiteElo "1923"]
[BlackElo "1900"]
[Annotator "NA"]
[PlyCount "109"]
[EventDate "2019.06.07"]
[EventType "swiss"]
[EventRounds "9"]
[EventCountry "GER"]
[SourceTitle "playchess.com"]
[Source "ChessBase"]
[SourceQuality "1"]
[TimeControl "40/5400+30:1800+30"]

1. e4 c5 2. c3 Nf6 3. e5 Nd5 4. d4 cxd4 5. cxd4 d6 6. exd6 Qxd6 7. Nc3 Nxc3 8. bxc3 g6 9. Nf3 Bg7 10. Bd3 O-O 11. O-O Rd8 12. Qb3 Nc6 13. Ba3 Qc7 14. Be4 Be6 15. Qb2 Rac8 16. Bxc6 bxc6 17. Qb4 Bf6 18. Rfe1 Rd5 19. Qb2 Rb8 20. Qd2 Rh5 21. g3 Bg4 22. Qe3 Qd7 23. Ne5 Bxe5 24. dxe5 Rf5 25. Qd4 Qxd4 26. cxd4 Rf3 27. Re3 Kf8 28. Rc1 Rxe3 29. fxe3 Bf3 30. Ra1 Rb5 31. Kf2 Bd5 32. Bc1 Ra5 33. a3 Rb5 34. Ke1 Ke8 35. Kd2 Kd7 36. a4 Rb7 37. Ra3 Rb1 38. a5 Ke6 39. Rc3 Rb5 40. Ra3 Kf5 41. Ke2 Rb1 42. Bd2 Kg4 43. h4 Bc4+ 44. Kf2 Rb2 45. Ke1 Kxg3 46. Rc3 Bb5 47. e4+ Kxh4 48. d5 cxd5 49. exd5 Rb1+ 50. Kf2 Rf1+ 51. Kg2 Rd1 52. Rc2 Bd3 53. Rb2 Be4+ 54. Kf2 Bxd5 55. Rb4+ {[%emt 0:00:00] normal} 0-1

[Event "GER-ch Youth U18w 2019"]
[Site "Willingen"]
[Date "2019.06.12"]
[Round "5.7"]
[White "Trams, Emma Joe"]
[Black "Reitz, Theresa"]
[Result "0-1"]
[ECO "B01"]
[WhiteElo "1418"]
[BlackElo "1976"]
[Annotator "NA"]
[PlyCount "86"]
[EventDate "2019.06.07"]
[EventType "swiss"]
[EventRounds "9"]
[EventCountry "GER"]
[SourceTitle "playchess.com"]
[Source "ChessBase"]
[SourceQuality "1"]
[TimeControl "40/5400+30:1800+30"]

1. e4 d5 2. exd5 Qxd5 3. Nc3 Qd6 4. Bc4 Nf6 5. Nf3 a6 6. h3 b5 7. Bb3 Bb7 8. O-O c5 9. d3 e6 10. Re1 Be7 11. a4 b4 12. Nb1 Nc6 13. Nbd2 Nd4 14. Nxd4 cxd4 15. Nf3 O-O 16. Bd2 Rac8 17. Rc1 Nd7 18. Ra1 Bf6 19. Qe2 a5 20. Ng5 Qc6 21. Ne4 Be7 22. f3 Nb6 23. Qf2 Qd7 24. Ng5 Bd5 25. Bxd5 Nxd5 26. Rec1 Rc7 27. Ne4 Rfc8 28. Be1 Nb6 29. b3 Nd5 30. Qe2 f5 31. Nf2 Bg5 32. Rd1 Rxc2 33. Qe5 Bf4 34. Qxd4 e5 35. Qc4 R8xc4 36. dxc4 Qa7 37. Rxd5 Be3 38. Rd8+ Kf7 39. Rad1 Bxf2+ 40. Kf1 Bd4 41. f4 Qb7 42. Rd5 Qe7 43. fxe5 Qg5 {[%emt 0:00:23] normal} 0-1

[Event "GER-ch Youth U18w 2019"]
[Site "Willingen"]
[Date "2019.06.12"]
[Round "5.8"]
[White "Fock, Sana"]
[Black "Schiewe, Nadin"]
[Result "1-0"]
[ECO "B07"]
[WhiteElo "1796"]
[BlackElo "1608"]
[Annotator "NA"]
[PlyCount "43"]
[EventDate "2019.06.07"]
[EventType "swiss"]
[EventRounds "9"]
[EventCountry "GER"]
[SourceTitle "playchess.com"]
[Source "ChessBase"]
[SourceQuality "1"]
[TimeControl "40/5400+30:1800+30"]

1. e4 d6 2. d4 Nf6 3. Nc3 g6 4. f3 c6 5. Be3 Nbd7 6. Qd2 b5 7. h4 h5 8. Nh3 Bg7 9. Ng5 Bb7 10. O-O-O O-O 11. Ne2 a5 12. g4 c5 13. Ng3 hxg4 14. h5 gxh5 15. Nxh5 Nxh5 16. Rxh5 Nf6 17. Qh2 g3 18. Qh4 Qc7 19. e5 dxe5 20. dxe5 Qxe5 21. Bf4 Qf5 22. Bd3 {[%emt 0:00:46] normal} 1-0

[Event "GER-ch Youth U18w 2019"]
[Site "Willingen"]
[Date "2019.06.12"]
[Round "5.9"]
[White "Alferova, Ekaterina"]
[Black "Fuchs, Emily"]
[Result "1/2-1/2"]
[ECO "A45"]
[WhiteElo "1597"]
[BlackElo "1384"]
[Annotator "NA"]
[PlyCount "130"]
[EventDate "2019.06.07"]
[EventType "swiss"]
[EventRounds "9"]
[EventCountry "GER"]
[SourceTitle "playchess.com"]
[Source "ChessBase"]
[SourceQuality "1"]
[TimeControl "40/5400+30:1800+30"]

1. d4 Nf6 2. Bf4 e6 3. e3 c5 4. c3 b6 5. Nf3 Bb7 6. h3 Nc6 7. Bd3 Be7 8. Nbd2 d5 9. O-O O-O 10. Re1 cxd4 11. exd4 a5 12. Qe2 Qc8 13. Ne5 Nxe5 14. dxe5 Nd7 15. Qg4 Re8 16. Re3 Bf8 17. Qh4 g6 18. Nf3 Bg7 19. Ng5 Nf8 20. Rg3 h6 21. Nf3 Qd8 22. Qg4 h5 23. Qh4 Qxh4 24. Nxh4 Ba6 25. Re1 Nd7 26. Bxa6 Rxa6 27. Nf3 b5 28. a3 Rb8 29. Bd2 Nc5 30. Nd4 Ne4 31. Rd3 Bxe5 32. Be3 b4 33. axb4 axb4 34. Nf3 Bg7 35. Bd4 bxc3 36. bxc3 Ra3 37. Rc1 Rc8 38. Ne5 Bxe5 39. Bxe5 f6 40. Bd4 e5 41. f3 exd4 42. fxe4 dxe4 43. Rxd4 Raxc3 44. Rxc3 Rxc3 45. Rxe4 Kf7 46. Kf2 f5 47. Rb4 Rc5 48. Kf3 g5 49. Rb6 Re5 50. Rh6 h4 51. Rb6 Re6 52. Rb5 Kg6 53. Rd5 Rb6 54. Rc5 Rb3+ 55. Kf2 Rg3 56. Rc6+ Kf7 57. Rd6 f4 58. Rb6 Kg7 59. Re6 f3 60. Re3 Rxg2+ 61. Kxf3 Rh2 62. Ke4 Kg6 {[%emt 0:00:22] normal} 63. Ke5 Kh5 {[%emt 0:01:04] normal} 64. Rf3 {[%emt 0:01:10] normal} Re2+ 65. Kf6 Ra2 {[%emt 0:00:38] normal} 1/2-1/2

[Event "GER-ch Youth U18w 2019"]
[Site "Willingen"]
[Date "2019.06.12"]
[Round "5.10"]
[White "Kadach, Maria"]
[Black "Tampe, Friederike"]
[Result "0-1"]
[ECO "D02"]
[WhiteElo "1448"]
[BlackElo "1512"]
[Annotator "NA"]
[PlyCount "147"]
[EventDate "2019.06.07"]
[EventType "swiss"]
[EventRounds "9"]
[EventCountry "GER"]
[SourceTitle "playchess.com"]
[Source "ChessBase"]
[SourceQuality "1"]
[TimeControl "40/5400+30:1800+30"]

1. d4 d5 2. Nf3 Nf6 3. Bf4 e6 4. e3 Bd6 5. Bg3 O-O 6. Nbd2 c5 7. c3 Nc6 8. Bd3 b6 9. Qb1 Bb7 10. O-O Re8 11. Ne5 Ne7 12. f4 g6 13. Be2 Nf5 14. Bf2 Be7 15. g4 Nd6 16. g5 Nfe4 17. Nxe4 Nxe4 18. Qe1 c4 19. h4 b5 20. h5 Bf8 21. hxg6 hxg6 22. Bh4 Bg7 23. Ng4 Kf8 24. Kg2 Ke7 25. Bf3 Nd6 26. Rh1 Rh8 27. Nf6 Qb6 28. Rh2 a5 29. Qe2 b4 30. Rah1 bxc3 31. bxc3 Bc6 32. Bg3 Rxh2+ 33. Rxh2 Bxf6 34. gxf6+ Kxf6 35. Bh4+ Kg7 36. Qf2 Nf5 37. Qg1 Nxh4+ 38. Rxh4 Rh8 39. Rxh8 Kxh8 40. Qc1 Kg7 41. Kg3 Qb8 42. Kg2 a4 43. Bd1 Kf6 44. a3 Kg7 45. Bc2 f6 46. Qb1 Qd6 47. Qb4 Qxb4 48. cxb4 Bb5 49. Kg3 Kf7 50. Kg4 Bd7 51. Kh4 e5 52. fxe5 fxe5 53. Kg5 e4 54. Bd1 Be8 55. Bc2 Ke6 56. Bd1 Kd6 57. Bc2 Kc7 58. Bd1 Kb6 59. Kf6 c3 60. Kg5 c2 61. Bxc2 Kb5 62. Bb1 Kc4 63. Ba2+ Kd3 64. Kf4 g5+ 65. Kxg5 Kxe3 66. Bxd5 Kxd4 67. Be6 e3 68. Bg4 Bb5 69. Kf4 e2 70. Bxe2 Bxe2 71. Kg3 Kc3 72. Kf2 Bb5 73. Ke1 Kb2 74. Kd2 {[%emt 0:00:35] normal} 0-1

[Event "GER-ch Youth U18w 2019"]
[Site "Willingen"]
[Date "2019.06.12"]
[Round "5.11"]
[White "Kuemmel, Tina"]
[Black "Mundt, Alexandra"]
[Result "1/2-1/2"]
[ECO "A51"]
[WhiteElo "1446"]
[BlackElo "1797"]
[Annotator "NA"]
[PlyCount "67"]
[EventDate "2019.06.07"]
[EventType "swiss"]
[EventRounds "9"]
[EventCountry "GER"]
[SourceTitle "playchess.com"]
[Source "ChessBase"]
[SourceQuality "1"]
[TimeControl "40/5400+30:1800+30"]

1. d4 Nf6 2. c4 e5 3. d5 Bb4+ 4. Bd2 Bxd2+ 5. Qxd2 d6 6. Nc3 a5 7. e3 Bf5 8. Nf3 h6 9. Bd3 Bxd3 10. Qxd3 Nbd7 11. O-O Nc5 12. Qc2 O-O 13. a3 a4 14. Rad1 Qd7 15. Ne2 Rfb8 16. Nc3 Rf8 17. Nd2 Qg4 18. h3 Qg6 19. Qxg6 fxg6 20. Nf3 Nfe4 21. Nb5 Rf7 22. Nd2 Rd7 23. Nxe4 Nxe4 24. Rd3 Nc5 25. Rdd1 Rad8 26. f4 exf4 27. exf4 Re7 28. Rfe1 Rde8 29. Rxe7 Rxe7 30. Nc3 Kf7 31. g3 Ke8 32. Kg2 Kd7 33. Kf3 Re8 34. h4 {[%emt 0:02:00] normal} 1/2-1/2

[Event "GER-ch Youth U18w 2019"]
[Site "Willingen"]
[Date "2019.06.12"]
[Round "5.12"]
[White "Gauchel, Verena"]
[Black "Schneider, Xenia"]
[Result "1-0"]
[ECO "D10"]
[WhiteElo "1534"]
[BlackElo "1364"]
[Annotator "NA"]
[PlyCount "85"]
[EventDate "2019.06.07"]
[EventType "swiss"]
[EventRounds "9"]
[EventCountry "GER"]
[SourceTitle "playchess.com"]
[Source "ChessBase"]
[SourceQuality "1"]
[TimeControl "40/5400+30:1800+30"]

1. d4 c6 2. c4 d5 3. cxd5 cxd5 4. Nf3 Bf5 5. Nc3 e6 6. Bf4 Bd6 7. Bg3 Nc6 8. Qb3 Bxg3 9. hxg3 Rb8 10. e3 Nge7 11. Be2 O-O 12. Nh4 h6 13. Nxf5 Nxf5 14. a3 Qg5 15. Rh5 Qf6 16. Qc2 Nd6 17. Bd3 Ne7 18. Ke2 Rfc8 19. Rah1 Kf8 20. g4 Ng6 21. Qb1 Nc4 22. g3 Ne7 23. f4 Ng8 24. g5 hxg5 25. fxg5 Qd8 26. Rf1 Nxa3 27. bxa3 Qa5 28. Nb5 Rc6 29. Qb4+ Qxb4 30. axb4 a6 31. Na3 Ke7 32. Rh8 Rc3 33. Nb1 Rcc8 34. Kd2 Rf8 35. Rh7 g6 36. Bxg6 Kd6 37. Rfxf7 Rxf7 38. Bxf7 b5 39. Rh8 e5 40. dxe5+ Kxe5 41. Rxg8 Rb7 42. Bg6 Re7 43. Re8 {[%emt 0:00:11] normal} 1-0

[Event "GER-ch Youth U18w 2019"]
[Site "Willingen"]
[Date "2019.06.12"]
[Round "5.13"]
[White "Peters, Jenna Maria Lara"]
[Black "Gesell, Patricia"]
[Result "1-0"]
[ECO "B21"]
[WhiteElo "1594"]
[BlackElo "1046"]
[Annotator "NA"]
[PlyCount "40"]
[EventDate "2019.06.07"]
[EventType "swiss"]
[EventRounds "9"]
[EventCountry "GER"]
[SourceTitle "playchess.com"]
[Source "ChessBase"]
[SourceQuality "1"]
[TimeControl "40/5400+30:1800+30"]

1. e4 c5 2. d4 cxd4 3. c3 dxc3 4. Nxc3 d6 5. Nf3 Nc6 6. Bb5 Bd7 7. O-O Nf6 8. Bg5 Qb6 9. Qd2 O-O-O 10. Rfc1 Nxe4 11. Nxe4 Qxb5 12. Be3 Kb8 13. Nd4 Nxd4 14. Qxd4 b6 15. a4 Qe5 16. Qd3 Bf5 17. Qa6 d5 18. Bxb6 axb6 19. Qxb6+ Ka8 20. Qxd8+ Qb8 {[%emt 0:01:00] normal} 1-0

[Event "GER-ch Youth U18w 2019"]
[Site "Willingen"]
[Date "2019.06.12"]
[Round "6.1"]
[White "Schulze, Lara"]
[Black "Ratay, Meike"]
[Result "1/2-1/2"]
[ECO "B23"]
[WhiteElo "2160"]
[BlackElo "1991"]
[Annotator "NA"]
[PlyCount "72"]
[EventDate "2019.06.07"]
[EventType "swiss"]
[EventRounds "9"]
[EventCountry "GER"]
[SourceTitle "playchess.com"]
[Source "ChessBase"]
[SourceQuality "1"]
[TimeControl "40/5400+30:1800+30"]

1. e4 c5 2. Nc3 a6 3. g3 b5 4. Bg2 Bb7 5. d3 e6 6. f4 d5 7. f5 d4 8. fxe6 fxe6 9. Nce2 e5 10. Nf3 Nd7 11. O-O Be7 12. c3 Qb6 13. cxd4 cxd4 14. Bh3 Bf6 15. Bxd7+ Kxd7 16. g4 Qe6 17. g5 Be7 18. Ng3 g6 19. Bd2 Bd6 20. Rc1 Ne7 21. Nxd4 exd4 22. Rf6 Qh3 23. Rxd6+ Kxd6 24. Bf4+ Kd7 25. Rc7+ Kd8 26. Rxb7 Qe6 27. Qd2 Nc6 28. Ne2 Rc8 29. b3 Qg4+ 30. Bg3 Rf8 31. Rxh7 Ne5 32. Qb4 Rc1+ 33. Nxc1 Qd1+ 34. Be1 Qg4+ 35. Bg3 Qd1+ 36. Be1 Qg4+ {[%emt 0:00:37] normal} 1/2-1/2

[Event "GER-ch Youth U18w 2019"]
[Site "Willingen"]
[Date "2019.06.12"]
[Round "6.2"]
[White "Arnhold, Steffi"]
[Black "Nguyen, Ha Thanh"]
[Result "1/2-1/2"]
[ECO "B38"]
[WhiteElo "1996"]
[BlackElo "1940"]
[Annotator "NA"]
[PlyCount "85"]
[EventDate "2019.06.07"]
[EventType "swiss"]
[EventRounds "9"]
[EventCountry "GER"]
[SourceTitle "playchess.com"]
[Source "ChessBase"]
[SourceQuality "1"]
[TimeControl "40/5400+30:1800+30"]

1. e4 c5 2. Nf3 Nc6 3. d4 cxd4 4. Nxd4 g6 5. c4 Bg7 6. Be3 Nf6 7. Nc3 O-O 8. Be2 d6 9. O-O Bd7 10. Qd2 Nxd4 11. Bxd4 Bc6 12. Bd3 a5 13. Rae1 e5 14. Be3 h5 15. f3 Qe7 16. Rd1 Kh7 17. Bc2 Rfd8 18. Ba4 Qe6 19. b3 Bf8 20. Bb6 Rdc8 21. Nb5 Bxb5 22. Bxb5 d5 23. Bxa5 dxe4 24. Bc3 e3 25. Qe2 Bc5 26. Kh1 Rd8 27. Qb2 Bd4 28. Rfe1 Qb6 29. Bxd4 exd4 30. Rd3 Ng8 31. a4 Nh6 32. b4 Nf5 33. c5 Qc7 34. Kg1 Qf4 35. a5 Ne7 36. Bc4 h4 37. Qe2 Nc6 38. Rb3 Ne5 39. Bd3 h3 40. Rf1 hxg2 41. Qxg2 Nxd3 42. Rxd3 Qe5 43. f4 {[%emt 0:00:00] normal} 1/2-1/2

[Event "GER-ch Youth U18w 2019"]
[Site "Willingen"]
[Date "2019.06.12"]
[Round "6.3"]
[White "Moenster, Madita"]
[Black "Poetsch, Leonore"]
[Result "1/2-1/2"]
[ECO "C11"]
[WhiteElo "1994"]
[BlackElo "1982"]
[Annotator "NA"]
[PlyCount "101"]
[EventDate "2019.06.07"]
[EventType "swiss"]
[EventRounds "9"]
[EventCountry "GER"]
[SourceTitle "playchess.com"]
[Source "ChessBase"]
[SourceQuality "1"]
[TimeControl "40/5400+30:1800+30"]

1. e4 e6 2. d4 d5 3. Nc3 Nf6 4. e5 Nfd7 5. f4 c5 6. Nf3 Nc6 7. Be3 Be7 8. Qd2 O-O 9. dxc5 Nxc5 10. O-O-O a6 11. h4 b5 12. Bd3 Nxd3+ 13. Qxd3 Nb4 14. Qe2 Bb7 15. Ng5 Qa5 16. a3 Nc6 17. Qd3 g6 18. h5 Bxg5 19. fxg5 Nxe5 20. Qd4 Nc6 21. Qh4 Qc7 22. Rxd5 Rfd8 23. Rxd8+ Nxd8 24. Qf2 Qe5 25. hxg6 fxg6 26. Rf1 Qf5 27. Qe1 Qe5 28. Qd2 Nf7 29. g4 Rd8 30. Qf2 Nxg5 31. Bf4 Qf6 32. Kb1 Nf3 33. Bc1 Qd4 34. Qg3 Nd2+ 35. Bxd2 Qxd2 36. Qc7 Qd7 37. Qe5 Qe7 38. Re1 Re8 39. g5 Qf7 40. Ne2 Qf5 41. Qe3 e5 42. Ng3 Qf3 43. Qg1 e4 44. Rf1 Qg4 45. Qb6 Qd7 46. Qe3 Qd5 47. Re1 Re5 48. Qf4 e3 49. Rf1 Re8 50. Ne4 Qxe4 51. Qf7+ {normal} 1/2-1/2

[Event "GER-ch Youth U18w 2019"]
[Site "Willingen"]
[Date "2019.06.12"]
[Round "6.4"]
[White "Moeller, Lisa-Marie"]
[Black "Fock, Sana"]
[Result "1-0"]
[ECO "B52"]
[WhiteElo "1900"]
[BlackElo "1796"]
[Annotator "NA"]
[PlyCount "101"]
[EventDate "2019.06.07"]
[EventType "swiss"]
[EventRounds "9"]
[EventCountry "GER"]
[SourceTitle "playchess.com"]
[Source "ChessBase"]
[SourceQuality "1"]
[TimeControl "40/5400+30:1800+30"]

1. e4 c5 2. Nf3 d6 3. Bb5+ Bd7 4. Bxd7+ Qxd7 5. c4 e5 6. d3 g6 7. O-O Bg7 8. Nc3 Ne7 9. h3 O-O 10. Nh2 f5 11. f4 Nbc6 12. Be3 Rad8 13. Qd2 b6 14. Rab1 Rf7 15. Nf3 Bh6 16. fxe5 f4 17. Bf2 dxe5 18. Nd5 g5 19. Nh2 Nxd5 20. exd5 Ne7 21. Qe2 Bg7 22. Ng4 Ng6 23. Be1 Rdf8 24. Qf3 Rf5 25. a3 Qd6 26. b4 Nh4 27. Bxh4 gxh4 28. Nf2 Kh8 29. Ne4 Qc7 30. bxc5 bxc5 31. Rb5 Rb8 32. Rfb1 Rxb5 33. Rxb5 Bf8 34. Qg4 Rf7 35. Ng5 Rg7 36. Ne6 Rxg4 37. Nxc7 Rg7 38. Ne6 Rg8 39. Nxf8 Rxf8 40. Rxc5 Kg8 41. Ra5 Rf7 42. d6 Rd7 43. c5 Kf7 44. Ra6 Ke6 45. c6 Rd8 46. c7 Rc8 47. Kf2 Kd7 48. Kf3 Rg8 49. Rxa7 Kxd6 50. Ke4 Rc8 51. Rb7 {normal Kd5+} 1-0

[Event "GER-ch Youth U18w 2019"]
[Site "Willingen"]
[Date "2019.06.12"]
[Round "6.5"]
[White "Reitz, Theresa"]
[Black "Koehler, Inken"]
[Result "0-1"]
[ECO "A06"]
[WhiteElo "1976"]
[BlackElo "1975"]
[Annotator "NA"]
[PlyCount "64"]
[EventDate "2019.06.07"]
[EventType "swiss"]
[EventRounds "9"]
[EventCountry "GER"]
[SourceTitle "playchess.com"]
[Source "ChessBase"]
[SourceQuality "1"]
[TimeControl "40/5400+30:1800+30"]

1. Nf3 d5 2. g3 c6 3. Bg2 Bf5 4. O-O h6 5. d4 Nf6 6. b3 e6 7. Bb2 Be7 8. c4 O-O 9. Nc3 Nbd7 10. Nd2 Bh7 11. e4 dxe4 12. Ndxe4 Nxe4 13. Nxe4 Nf6 14. Nc5 Qc7 15. Qe2 Rad8 16. Rfe1 Rfe8 17. Rad1 e5 18. Ne4 Bxe4 19. Bxe4 Bb4 20. dxe5 Nxe4 21. Qxe4 Bxe1 22. Rxe1 Qa5 23. a3 Qd2 24. Re2 Qd3 25. Qg4 Qd1+ 26. Kg2 Re6 27. Qf3 Qb1 28. Qe4 Qxe4+ 29. Rxe4 Rd3 30. Re3 Rxe3 31. fxe3 c5 32. Kf3 Rb6 {[%emt 0:00:52] normal} 0-1

[Event "GER-ch Youth U18w 2019"]
[Site "Willingen"]
[Date "2019.06.12"]
[Round "6.6"]
[White "Tampe, Friederike"]
[Black "Ziegenfuss, Antonia"]
[Result "0-1"]
[ECO "B40"]
[WhiteElo "1512"]
[BlackElo "2111"]
[Annotator "NA"]
[PlyCount "76"]
[EventDate "2019.06.07"]
[EventType "swiss"]
[EventRounds "9"]
[EventCountry "GER"]
[SourceTitle "playchess.com"]
[Source "ChessBase"]
[SourceQuality "1"]
[TimeControl "40/5400+30:1800+30"]

1. e4 c5 2. Nf3 e6 3. d4 cxd4 4. Nxd4 Nf6 5. Nc3 Nc6 6. Ndb5 Bc5 7. Bf4 O-O 8. Bc7 Qe7 9. Bd6 Bxd6 10. Qxd6 Qd8 11. O-O-O a6 12. Nd4 Qb6 13. Nxc6 bxc6 14. f3 Ne8 15. Qd4 Qc7 16. e5 c5 17. Qe3 f6 18. Ne4 Qxe5 19. Qxc5 d5 20. Nc3 Rf7 21. g3 Qb8 22. Qc6 Bd7 23. Qc5 Qb7 24. Bg2 Rb8 25. b3 Rc8 26. Qd4 Qc7 27. Rd3 Nd6 28. a4 Nf5 29. Qf2 Qa5 30. Kb2 Be8 31. g4 Nd6 32. Rc1 Rfc7 33. Ne2 Rb8 34. Ra1 Bg6 35. Rc3 Rxc3 36. Nxc3 Nc4+ 37. Ka2 Qxc3 38. Rb1 Bxc2 {[%emt 0:00:16] normal} 0-1

[Event "GER-ch Youth U18w 2019"]
[Site "Willingen"]
[Date "2019.06.12"]
[Round "6.7"]
[White "Koenze, Heike"]
[Black "Alferova, Ekaterina"]
[Result "1/2-1/2"]
[ECO "B18"]
[WhiteElo "1919"]
[BlackElo "1597"]
[Annotator "NA"]
[PlyCount "97"]
[EventDate "2019.06.07"]
[EventType "swiss"]
[EventRounds "9"]
[EventCountry "GER"]
[SourceTitle "playchess.com"]
[Source "ChessBase"]
[SourceQuality "1"]
[TimeControl "40/5400+30:1800+30"]

1. e4 c6 2. d4 d5 3. Nc3 dxe4 4. Nxe4 Bf5 5. Ng3 Bg6 6. Nf3 h6 7. Bc4 e6 8. O-O Nd7 9. c3 Bd6 10. Re1 Ngf6 11. Qe2 Qe7 12. Bd2 Bxg3 13. hxg3 O-O 14. Nh4 Bh7 15. Bd3 Bxd3 16. Qxd3 Qd8 17. c4 Nb6 18. Bb4 Re8 19. Rad1 Qd7 20. b3 Rad8 21. Qf3 Qc8 22. Bc3 Nbd7 23. Qe3 Qb8 24. Nf3 Ng4 25. Qe2 Ngf6 26. Nh2 Qc7 27. Qe3 Qb8 28. g4 Nh7 29. f4 Nhf8 30. Nf3 Ng6 31. g3 Nf6 32. g5 hxg5 33. Nxg5 Ne7 34. Qe2 Ng6 35. Qh2 Qd6 36. Rd2 c5 37. Red1 a6 38. a3 Qc6 39. Bb2 Qb6 40. Rd3 Qc6 41. Kf1 Kf8 42. dxc5 Rxd3 43. Rxd3 Qxc5 44. Nh7+ Ke7 45. Nxf6 gxf6 46. Qd2 Rh8 47. Rd7+ Kf8 48. Qg2 Qf5 49. Rd1 {[%emt 0:00:00] normal} 1/2-1/2

[Event "GER-ch Youth U18w 2019"]
[Site "Willingen"]
[Date "2019.06.12"]
[Round "6.8"]
[White "Kobald, Jacqueline"]
[Black "Browning, Rebecca"]
[Result "1-0"]
[ECO "C11"]
[WhiteElo "1839"]
[BlackElo "1923"]
[Annotator "NA"]
[PlyCount "67"]
[EventDate "2019.06.07"]
[EventType "swiss"]
[EventRounds "9"]
[EventCountry "GER"]
[SourceTitle "playchess.com"]
[Source "ChessBase"]
[SourceQuality "1"]
[TimeControl "40/5400+30:1800+30"]

1. e4 e6 2. d4 d5 3. Nc3 Nf6 4. Bg5 dxe4 5. Nxe4 Be7 6. Bxf6 Bxf6 7. Nf3 O-O 8. Qd2 Nd7 9. O-O-O c6 10. h4 b5 11. Bd3 a5 12. Neg5 h6 13. Nh7 Re8 14. Nxf6+ Qxf6 15. Be4 Bb7 16. g4 Qe7 17. Rhg1 Red8 18. Qe3 Re8 19. g5 h5 20. g6 f5 21. Bd3 b4 22. Rde1 Qd6 23. Bc4 Nf8 24. Ng5 Bc8 25. Nf7 Qe7 26. Qf3 Qxh4 27. Ne5 Bb7 28. Qxf5 Kh8 29. Qf3 Re7 30. Rh1 Qg5+ 31. Kb1 h4 32. Reg1 Qh6 {[%emt 0:00:29] normal} 33. Nf7+ Rxf7 34. Qxf7 {[%emt 0:00:14] normal} 1-0

[Event "GER-ch Youth U18w 2019"]
[Site "Willingen"]
[Date "2019.06.12"]
[Round "6.9"]
[White "Schiewe, Nadin"]
[Black "Gauchel, Verena"]
[Result "1-0"]
[ECO "D94"]
[WhiteElo "1608"]
[BlackElo "1534"]
[Annotator "NA"]
[PlyCount "105"]
[EventDate "2019.06.07"]
[EventType "swiss"]
[EventRounds "9"]
[EventCountry "GER"]
[SourceTitle "playchess.com"]
[Source "ChessBase"]
[SourceQuality "1"]
[TimeControl "40/5400+30:1800+30"]

1. d4 Nf6 2. c4 g6 3. Nc3 d5 4. e3 Bg7 5. Nf3 O-O 6. Bd3 dxc4 7. Bxc4 Nbd7 8. b3 c5 9. Bb2 b6 10. Qe2 Bb7 11. O-O Qc7 12. Ba6 Bxf3 13. Qxf3 cxd4 14. Nb5 Qc2 15. Bxd4 e5 16. Rfc1 Qd2 17. Bc3 Qd5 18. Bb7 Qxf3 19. Bxf3 e4 20. Be2 a6 21. Nc7 Ra7 22. Nxa6 Nd5 23. Bxg7 Kxg7 24. b4 Rfa8 25. b5 N7f6 26. Rc4 h6 27. Rac1 Rb7 28. Bd1 g5 29. g4 Kg6 30. h3 Re7 31. Bc2 Kg7 32. a4 Re6 33. Bb3 Re7 34. Nc7 Rb8 35. Nxd5 Nxd5 36. Rd4 Nf6 37. Rcc4 Re5 38. Rc6 Ne8 39. Bc2 Nf6 40. Rdd6 Nd5 41. Bb3 Ne7 42. Rxb6 Rxb6 43. Rxb6 Rc5 44. Rb7 Kf8 45. a5 Rc1+ 46. Kg2 Rc3 47. a6 Nc8 48. Bxf7 Nd6 49. a7 Nxb7 50. a8=Q+ Kxf7 51. Qxb7+ Kf6 52. Qxe4 Rb3 53. b6 {normal} 1-0